PAA
RENO SILVER SOX @ SPRINGFIELD SHOOTERS
06/03/2034
 
TOP OF THE 1ST
Reno Silver Sox batting - Pitching for Springfield Shooters : RHP Armando González
Pitching: RHP Armando González
Batting: RHB Spartak Gonjarov 0-0: Ball
1-0: Swinging Strike
1-1: Called Strike
1-2: Ball
2-2: Fly out, F9 (Flyball, 89M)
Batting: RHB Roy Burns 0-0: Called Strike
0-1: Ball
1-1: Ball
2-1: Ball
3-1: Foul Ball, location: 2F
3-2: Base on Balls
Batting: RHB Daniel Bertrand 0-0: Called Strike
0-1: Foul Ball, location: 2F
0-2: Ball
1-2: Fly out, F9 (Line Drive, 9)
Batting: LHB Henry Madore 0-0: Foul Ball, location: 2F
0-1: Ball
1-1: Ball
2-1: Foul Ball, location: 2F
2-2: Ball
3-2: Foul Ball, location: 2F
3-2: Fly out, F5 (Popup, 56S)
Top of the 1st over - 0 runs, 0 hits, 0 errors, 1 left on base; Reno 0 - Springfield 0
BOTTOM OF THE 1ST
Springfield Shooters batting - Pitching for Reno Silver Sox : LHP Tom Hegedus
Pitching: LHP Tom Hegedus
Batting: RHB Mei Kim 0-0: Ball
1-0: Called Strike
1-1: Ball
2-1: Ball
3-1: SOLO HOME RUN (Line Drive, 9LD), Distance : 362 ft
Batting: RHB Gianni Martin 0-0: Called Strike
0-1: DOUBLE (Line Drive, 89M)
Batting: RHB Karl Wade 0-0: Ball
1-0: Ground out 5-3 (Groundball, 5L)
Batting: RHB Bastiaan Pieterse 0-0: Called Strike
0-1: Ball
1-1: Swinging Strike
1-2: Ball
2-2: Fly out, F4 (Popup, 4)
Batting: RHB Fook Zhŕo 0-0: Ball
1-0: Ball
2-0: Swinging Strike
2-1: Ball
3-1: Base on Balls
Batting: LHB Kensaku Hatayama 0-0: Called Strike
0-1: Foul Ball, location: 2F
0-2: Strikes out looking
Bottom of the 1st over - 1 run, 2 hits, 0 errors, 2 left on base; Reno 0 - Springfield 1
TOP OF THE 2ND
Reno Silver Sox batting - Pitching for Springfield Shooters : RHP Armando González
Batting: RHB Carlos González 0-0: Called Strike
0-1: Ball
1-1: Ground out 6-3 (Groundball, 6)
Batting: RHB Juan Laguna 0-0: Called Strike
0-1: Ball
1-1: Called Strike
1-2: Ball
2-2: Ball
3-2: Foul Ball, location: 2F
3-2: Base on Balls
Batting: RHB Bartolo Hernández 0-0: Ball
Juan Laguna steals 2nd base
1-0: Foul Ball, location: 2F
1-1: Called Strike
1-2: Ball
2-2: Fly out, F8 (Flyball, 89D)
Runner from 2nd tags up, SAFE at 3rd, no throw
Batting: RHB Landon Edwards 0-0: Called Strike
0-1: Ball
1-1: Foul Ball, location: 2F
1-2: Strikes out swinging
Top of the 2nd over - 0 runs, 0 hits, 0 errors, 1 left on base; Reno 0 - Springfield 1
BOTTOM OF THE 2ND
Springfield Shooters batting - Pitching for Reno Silver Sox : LHP Tom Hegedus
Batting: RHB Nestor Tantoco 0-0: Called Strike
0-1: Ball
1-1: Ball
2-1: Called Strike
2-2: Ball
3-2: Base on Balls
Batting: LHB Jared Swanson 0-0: Ball
1-0: Ball
2-0: Ball
3-0: Called Strike
3-1: SINGLE (Groundball, 25) (infield hit)
Nestor Tantoco to second
Batting: RHB Daniel Carr 0-0: Foul Ball, location: 2F
0-1: Fly out, F8 (Flyball, 8LD)
Batting: RHB Mei Kim 0-0: Ball
1-0: Ball
2-0: Ball
3-0: Base on Balls
Nestor Tantoco to third
Jared Swanson to second
Batting: RHB Gianni Martin 0-0: Ball
1-0: Ball
2-0: Foul Ball, location: 2F
2-1: Ball
3-1: Base on Balls
Nestor Tantoco scores
Jared Swanson to third
Mei Kim to second
Batting: RHB Karl Wade 0-0: Ball
1-0: Grounds into double play, 6-4-3 (Groundball, 6)
Bottom of the 2nd over - 1 run, 1 hit, 0 errors, 2 left on base; Reno 0 - Springfield 2
TOP OF THE 3RD
Reno Silver Sox batting - Pitching for Springfield Shooters : RHP Armando González
Batting: RHB Jean Lechuga 0-0: Ball
1-0: Ball
2-0: Bunted foul
2-1: SINGLE (Groundball, 4) (infield hit)
Batting: RHB Spartak Gonjarov 0-0: Ball
1-0: Foul Ball, location: 2F
1-1: Called Strike
1-2: Fielders Choice at 2nd, 1-4 (Groundball, 15S)
Batting: RHB Roy Burns 0-0: Ball
1-0: Ball
2-0: Ball
3-0: Called Strike
3-1: Called Strike
3-2: Foul Ball, location: 2F
3-2: Strikes out looking
Batting: RHB Daniel Bertrand 0-0: Called Strike
0-1: Ball
Balk!
Spartak Gonjarov to second
1-1: Fly out, F8 (Flyball, 8RXD)
Top of the 3rd over - 0 runs, 1 hit, 0 errors, 1 left on base; Reno 0 - Springfield 2
BOTTOM OF THE 3RD
Springfield Shooters batting - Pitching for Reno Silver Sox : LHP Tom Hegedus
Batting: RHB Bastiaan Pieterse 0-0: SINGLE (Groundball, 56S) (infield hit)
Batting: RHB Fook Zhŕo 0-0: Foul Ball, location: 2F
0-1: Called Strike
0-2: Foul Ball, location: 2F
0-2: Ball
1-2: Fly out, F7 (Flyball, 78M)
Batting: LHB Kensaku Hatayama 0-0: SINGLE (Groundball, 34D)
Bastiaan Pieterse to second
Runner from 2nd tries for 3rd, SAFE, no throw
Batting: RHB Nestor Tantoco 0-0: Foul Ball, location: 2F
0-1: SINGLE (Groundball, 6MD)
Bastiaan Pieterse scores
Kensaku Hatayama to second
Batting: LHB Jared Swanson 0-0: Ball
1-0: 3-RUN HOME RUN (Flyball, 9LD), Distance : 342 ft
Batting: RHB Daniel Carr 0-0: Ground out 4-3 (Groundball, 4)
Batting: RHB Mei Kim 0-0: Ball
1-0: Ball
2-0: Called Strike
2-1: Ball
3-1: Base on Balls
Batting: RHB Gianni Martin 0-0: Ball
1-0: Ball
2-0: Ball
3-0: Called Strike
3-1: Base on Balls
Mei Kim to second
Batting: RHB Karl Wade 0-0: Ball
1-0: Foul Ball, location: 2F
1-1: Called Strike
1-2: Ground out 1-3 (Groundball, P)
Bottom of the 3rd over - 4 runs, 4 hits, 0 errors, 2 left on base; Reno 0 - Springfield 6
TOP OF THE 4TH
Reno Silver Sox batting - Pitching for Springfield Shooters : RHP Armando González
Batting: LHB Henry Madore 0-0: Foul Ball, location: 2F
0-1: Ball
1-1: Called Strike
1-2: Ball
2-2: Foul Ball, location: 2F
2-2: Ball
3-2: Foul Ball, location: 2F
3-2: Fly out, F7 (Flyball, 7LM)
Batting: RHB Carlos González 0-0: Called Strike
0-1: Foul Ball, location: 2F
0-2: Ball
1-2: Foul Ball, location: 2F
1-2: Ball
2-2: Fly out, F5 (Popup, 6S)
Batting: RHB Juan Laguna 0-0: Called Strike
0-1: Fly out, F9 (Flyball, 9S)
Top of the 4th over - 0 runs, 0 hits, 0 errors, 0 left on base; Reno 0 - Springfield 6
BOTTOM OF THE 4TH
Springfield Shooters batting - Pitching for Reno Silver Sox : LHP Tom Hegedus
Batting: RHB Bastiaan Pieterse 0-0: DOUBLE (Line Drive, 8LXD)
Batting: RHB Fook Zhŕo 0-0: Called Strike
0-1: Ball
1-1: DOUBLE (Line Drive, 78M)
Bastiaan Pieterse scores
Batting: LHB Kensaku Hatayama 0-0: Ball
1-0: Foul Ball, location: 2F
1-1: Ball
2-1: Ground out 1-3 (Groundball, 13)
Fook Zhŕo to third
Batting: RHB Nestor Tantoco 0-0: Ball
1-0: Ground out 5-3 (Groundball, 56S)
Fook Zhŕo scores
Batting: LHB Jared Swanson 0-0: Foul Ball, location: 2F
0-1: Ground out 1-3 (Groundball, 13)
Bottom of the 4th over - 2 runs, 2 hits, 0 errors, 0 left on base; Reno 0 - Springfield 8
TOP OF THE 5TH
Reno Silver Sox batting - Pitching for Springfield Shooters : RHP Armando González
Batting: RHB Bartolo Hernández 0-0: Ball
1-0: Ball
2-0: Foul Ball, location: 2F
2-1: Ball
3-1: Base on Balls
Batting: RHB Landon Edwards 0-0: Ball
1-0: Ball
2-0: Ball
3-0: Called Strike
3-1: Called Strike
3-2: Base on Balls
Bartolo Hernández to second
Batting: RHB Jean Lechuga 0-0: Foul Ball, location: 2F
0-1: Ball
1-1: Ball
2-1: Swinging Strike
2-2: Reached on error, E5 (Groundball, 5)
Bartolo Hernández to third
Landon Edwards to second
Pitching: RHP Oliver Moreno
Batting: RHB Spartak Gonjarov 0-0: Ball
1-0: Fly out, F4 (Popup, 4M)
Batting: RHB Roy Burns 0-0: Ball
1-0: Called Strike
1-1: Ball
2-1: Ball
3-1: Foul Ball, location: 2F
3-2: Base on Balls
Bartolo Hernández scores
Landon Edwards to third
Jean Lechuga to second
Batting: RHB Daniel Bertrand 0-0: Ball
1-0: Ball
2-0: Ball
3-0: Called Strike
3-1: Base on Balls
Landon Edwards scores
Jean Lechuga to third
Roy Burns to second
Batting: LHB Henry Madore 0-0: Swinging Strike
0-1: Foul Ball, location: 2F
0-2: Foul Ball, location: 2F
0-2: Ball
1-2: Ball
2-2: Strikes out swinging
Batting: RHB Carlos González 0-0: Swinging Strike
0-1: Ball
1-1: Foul Ball, location: 2F
1-2: Strikes out swinging
Top of the 5th over - 2 runs, 0 hits, 1 error, 3 left on base; Reno 2 - Springfield 8
BOTTOM OF THE 5TH
Springfield Shooters batting - Pitching for Reno Silver Sox : LHP Tom Hegedus
Batting: RHB Daniel Carr 0-0: Ball
1-0: Foul Ball, location: 2F
1-1: Ground out 4-3 (Groundball, 4)
Batting: RHB Mei Kim 0-0: Ball
1-0: Foul Ball, location: 2F
1-1: Ball
2-1: Called Strike
2-2: Ground out 3-1 (Groundball, 34)
Batting: RHB Gianni Martin 0-0: Ball
1-0: Swinging Strike
1-1: Ground out U3 (Groundball, 34S)
Bottom of the 5th over - 0 runs, 0 hits, 0 errors, 0 left on base; Reno 2 - Springfield 8
TOP OF THE 6TH
Reno Silver Sox batting - Pitching for Springfield Shooters : RHP Oliver Moreno
Batting: RHB Juan Laguna 0-0: Called Strike
0-1: Ball
1-1: Foul Ball, location: 2F
1-2: Strikes out swinging
Batting: RHB Bartolo Hernández 0-0: Called Strike
0-1: Called Strike
0-2: Ball
1-2: Ball
2-2: Strikes out swinging
Batting: RHB Landon Edwards 0-0: Ball
1-0: Ball
2-0: Ball
3-0: Base on Balls
Batting: RHB Jean Lechuga 0-0: Ball
1-0: Ball
2-0: Ball
3-0: Called Strike
3-1: Base on Balls
Landon Edwards to second
Batting: RHB Spartak Gonjarov 0-0: Ball
1-0: 3-RUN HOME RUN (Flyball, 78XD), Distance : 392 ft
Pitching: LHP Jung-won Ping
Batting: RHB Roy Burns 0-0: Ball
1-0: Foul Ball, location: 2F
1-1: Ball
2-1: Ball
3-1: Base on Balls
Batting: RHB Daniel Bertrand 0-0: Ball
1-0: Ball
2-0: Called Strike
2-1: Ground out 4-3 (Groundball, 4)
Top of the 6th over - 3 runs, 1 hit, 0 errors, 1 left on base; Reno 5 - Springfield 8
BOTTOM OF THE 6TH
Springfield Shooters batting - Pitching for Reno Silver Sox : LHP Tom Hegedus
Pitching: RHP Raúl Valdéz
Batting: RHB Karl Wade 0-0: Called Strike
0-1: Ball
1-1: Foul Ball, location: 2F
1-2: Fly out, F9 (Flyball, 9)
Batting: RHB Bastiaan Pieterse 0-0: Fly out, F7 (Flyball, 78S)
Batting: RHB Fook Zhŕo 0-0: Swinging Strike
0-1: Ball
1-1: Swinging Strike
1-2: Ball
2-2: Strikes out swinging
Bottom of the 6th over - 0 runs, 0 hits, 0 errors, 0 left on base; Reno 5 - Springfield 8
TOP OF THE 7TH
Reno Silver Sox batting - Pitching for Springfield Shooters : LHP Jung-won Ping
Batting: LHB Henry Madore 0-0: Swinging Strike
0-1: Ball
1-1: Ball
2-1: Ground out U3 (Groundball, 3)
Batting: RHB Carlos González 0-0: Ball
1-0: Ball
2-0: Ground out 5-3 (Groundball, 56)
Batting: RHB Juan Laguna 0-0: Ball
1-0: Fly out, F9 (Flyball, 89M)
Top of the 7th over - 0 runs, 0 hits, 0 errors, 0 left on base; Reno 5 - Springfield 8
BOTTOM OF THE 7TH
Springfield Shooters batting - Pitching for Reno Silver Sox : RHP Raúl Valdéz
Batting: LHB Kensaku Hatayama 0-0: Ball
1-0: Ball
2-0: Called Strike
2-1: Ball
3-1: Base on Balls
Batting: RHB Nestor Tantoco 0-0: Called Strike
0-1: Ball
1-1: Swinging Strike
1-2: Ball
2-2: Strikes out looking
Batting: LHB Jared Swanson 0-0: Ball
1-0: TRIPLE (Flyball, 8RXD)
Kensaku Hatayama scores
Batting: RHB Daniel Carr 0-0: Foul Ball, location: 2F
0-1: Ball
1-1: Called Strike
1-2: Strikes out looking
Batting: RHB Mei Kim 0-0: Called Strike
0-1: Foul Ball, location: 2F
0-2: Foul Ball, location: 2F
0-2: Ball
1-2: Ball
2-2: Strikes out swinging
Bottom of the 7th over - 1 run, 1 hit, 0 errors, 1 left on base; Reno 5 - Springfield 9
TOP OF THE 8TH
Reno Silver Sox batting - Pitching for Springfield Shooters : LHP Jung-won Ping
Batting: RHB Bartolo Hernández 0-0: Foul Ball, location: 2F
0-1: Ball
1-1: Ball
2-1: Foul Ball, location: 2F
2-2: SINGLE (Groundball, 34S) (infield hit)
Batting: RHB Landon Edwards 0-0: Called Strike
0-1: Called Strike
0-2: SINGLE (Line Drive, 89S)
Bartolo Hernández to second
Batting: RHB Jean Lechuga 0-0: Ball
1-0: Fly out, F9 (Flyball, 9S)
Batting: RHB Spartak Gonjarov 0-0: Ball
1-0: Called Strike
1-1: Called Strike
1-2: Strikes out swinging
Batting: RHB Roy Burns 0-0: Called Strike
0-1: Called Strike
0-2: SINGLE (Groundball, 6M) (infield hit)
Bartolo Hernández to third
Landon Edwards to second
Batting: RHB Daniel Bertrand 0-0: Ball
1-0: Foul Ball, location: 2F
1-1: SINGLE (Groundball, 4MD)
Bartolo Hernández scores
Landon Edwards to third
Roy Burns to second
Runner from 3rd tries for Home, SAFE, throw made home
Batting: LHB Henry Madore 0-0: Ball
1-0: Fly out, F9 (Line Drive, 89M)
Top of the 8th over - 2 runs, 4 hits, 0 errors, 2 left on base; Reno 7 - Springfield 9
BOTTOM OF THE 8TH
Springfield Shooters batting - Pitching for Reno Silver Sox : RHP Raúl Valdéz
Batting: RHB Gianni Martin 0-0: Ball
1-0: Swinging Strike
1-1: Foul Ball, location: 2F
1-2: Foul Ball, location: 2F
1-2: Ball
2-2: Strikes out swinging
Batting: RHB Karl Wade 0-0: Ground out 6-3 (Groundball, 6)
Batting: RHB Bastiaan Pieterse 0-0: Foul Ball, location: 2F
0-1: Fly out, F6 (Popup, 4MD)
Bottom of the 8th over - 0 runs, 0 hits, 0 errors, 0 left on base; Reno 7 - Springfield 9
TOP OF THE 9TH
Reno Silver Sox batting - Pitching for Springfield Shooters : LHP Jung-won Ping
Pitching: RHP Ron Mingo
Batting: RHB Carlos González 0-0: Ball
1-0: Ball
2-0: DOUBLE (Line Drive, 78D)
Batting: RHB Juan Laguna 0-0: Foul Ball, location: 2F
0-1: Ground out 1-3 (Groundball, 13)
Carlos González to third
Batting: RHB Bartolo Hernández 0-0: Called Strike
0-1: Ball
1-1: Ball
2-1: Foul Ball, location: 2F
2-2: Ball
3-2: Base on Balls
Pinch Runner at 1st Guillermo Montepeque:
Batting: RHB Landon Edwards 0-0: Called Strike
0-1: Foul Ball, location: 2F
0-2: Ball
1-2: Strikes out looking
Batting: RHB Jean Lechuga 0-0: Ball
1-0: Ball
2-0: Called Strike
2-1: Fielders Choice at 2nd, 6-4 (Groundball, 6)
Top of the 9th over - 0 runs, 1 hit, 0 errors, 2 left on base; Reno 7 - Springfield 9
Friday, March 29th, 2019 - OOTP Baseball 18.8 Build 76